 Dungeon Crawl Stone Soup version 0.18-a0-640-g2c992fa (webtiles) character file.

161 4thArraOfDagon the Stinger (level 5, 0/38 HPs)
             Began as a Merfolk Venom Mage on Dec 4, 2015.
             Slain by an adder (2 damage)
             ... on level 3 of the Dungeon.
             The game lasted 00:11:05 (1776 turns).

4thArraOfDagon the Stinger (Merfolk Venom Mage)     Turns: 1776, Time: 00:11:05

Health: 0/38       AC:  2    Str:  8      XL:     5   Next: 42%
Magic:  0/8        EV: 14    Int: 13 (16) God:
Gold:   81         SH:  0    Dex: 14      Spells: 3 memorised, 2 levels left

rFire  . . .     SeeInvis .     h - +0 halberd
rCold  . . .     Clarity  .     a - +0 robe
rNeg   . . .     SustAt   .     (shield currently unavailable)
rPois  .         Gourm    .     (no helmet)
rElec  .         Spirit   .     (no cloak)
rCorr  .         Dismiss  .     (no gloves)
rMut   .         Stasis   .     (no boots)
MR     .....                    (no amulet)
Stlth  ++........               (no ring)
                                (no ring)

@: very slightly contaminated, not resistant to hostile enchantments, unstealthy
A: change form in water, swift swim
a: no special abilities


You were on level 3 of the Dungeon.
You were hungry.

You visited 1 branch of the dungeon, and saw 4 of its levels.

You collected 81 gold pieces.

Inventory:

Hand Weapons
 e - a +0 short sword
 h - a +0 halberd (weapon)
Missiles
 n - 2 tomahawks (quivered)
Armour
 a - a +0 robe (worn)
Scrolls
 d - 4 scrolls of remove curse {unknown}
 f - a scroll of magic mapping {unknown}
 g - a scroll of teleportation {unknown}
 i - a scroll of amnesia {unknown}
 j - 2 scrolls of immolation {unknown}
 k - a scroll of random uselessness {unknown}
 m - a scroll of blinking {unknown}
Books
 b - a Young Poisoner's Handbook

   Spells                             Type                      Level
   a - Sting                          Conjuration/Poison           1
   b - Cure Poison                    Poison                       2
   c - Mephitic Cloud                 Conjuration/Poison/Air       3
   d - Olgreb's Toxic Radiance        Poison                       4
   e - Venom Bolt                     Conjuration/Poison           5
Comestibles
 c - 3 bread rations
 l - a slice of pizza
 p - 2 chunks of flesh


   Skills:
 + Level 1.6 Fighting
 * Level 3.6 Polearms
 + Level 4.2 Dodging
 - Level 2.1 Stealth
 - Level 2.0 Spellcasting
 - Level 1.3 Conjurations
 - Level 4.9 Poison Magic


You had 2 spell levels left.
You knew the following spells:

 Your Spells              Type           Power        Failure   Level  Hunger
a - Sting                 Conj/Pois      #...         10%         1    ##.....
b - Mephitic Cloud        Conj/Pois/Air  #.......     34%         3    ####...
c - Cure Poison           Pois           ##........   8%          2    ###....


Dungeon Overview and Level Annotations

Branches:
Dungeon (4/15)
 Temple: D:4-7

Altars:
Elyvilon
Gozag

Shops:
D:2 *

Annotations:
D:3 Crazy Yiuf, Robin
D:4 Dowan, Duvessa


Message History

Casting: Cure Poison
Confirm with . or Enter, or press ? or * to list all spells.
You are no longer poisoned.
The adder bites you.
* * * LOW HITPOINT WARNING * * *
Unknown command.
You aren't carrying any potions.
Unknown command.
Read which item? (? for menu, Esc to quit)
Okay, then.
Read which item? (? for menu, Esc to quit)
As you read the scroll labeled DAETIE URHYRANG, it crumbles to dust.
The scroll dissolves into smoke.
It was a scroll of fog.
The adder barely misses you.
Read which item? (? for menu, Esc to quit)
As you read the scroll labeled OMIR UTOASCHA, it crumbles to dust.
It is a scroll of recharging.
You aren't carrying any rechargeable items.
The adder bites you.
You die...

### # #.. . .. .# <.##. l.
.. †..# #. ####.# ..#
#S########....# #g#
#.#.>......###########(#
#..)..§§§...........<).# #
#####.###S################
#. #.....###@####
##.#####.####.§§§§§.....
#.............##§#######
#....###.#######.#
#.##.>...#######.# #
###........#### ###
#.######.# #.# ...# #.#
#.# ..###
#.#################.#


You could see an adder.

Vanquished Creatures
  4 adders (D:2)
  6 gnolls (D:2)
  2 oozes (D:1)
  2 worms (D:2)
  3 giant geckos
  A ball python (D:2)
  4 giant cockroaches
  9 hobgoblins
  4 jackals
  5 bats
  3 giant newts
  6 goblins
  6 kobolds
  5 rats
60 creatures vanquished.

Notes
Turn   | Place    | Note
--------------------------------------------------------------
     0 | D:1      | 4thArraOfDagon the Merfolk Venom Mage began the quest for the Orb.
     0 | D:1      | Reached XP level 1. HP: 13/13 MP: 3/3
   216 | D:2      | Reached skill level 1 in Conjurations
   216 | D:2      | Reached XP level 2. HP: 13/19 MP: 0/5
   273 | D:2      | Reached XP level 3. HP: 18/24 MP: 1/6
   286 | D:2      | Learned a level 3 spell: Mephitic Cloud
   289 | D:2      | Learned a level 2 spell: Cure Poison
   429 | D:2      | HP: 1/25 [bat (1)]
   445 | D:2      | Found a white marble altar of Elyvilon.
   491 | D:2      | Reached skill level 1 in Polearms
   496 | D:2      | Reached XP level 4. HP: 7/31 MP: 2/7
   630 | D:2      | Reached skill level 1 in Fighting
   642 | D:2      | Found a faded altar to an unknown god.
  1156 | D:2      | Found Gozag's Platinum Reserve.
  1160 | D:2      | Found an opulent altar of Gozag.
  1201 | D:2      | Reached XP level 5. HP: 30/37 MP: 5/8
  1554 | D:3      | Noticed Crazy Yiuf
  1732 | D:3      | Noticed Robin
  1762 | D:4      | Noticed Duvessa
  1762 | D:4      | Noticed Dowan
  1776 | D:3      | Slain by an adder

Vault maps used:
D:1:      dpeg_arrival_signposts, minivault_19,
          hangedman_abyss_or_decor_lesser_grid
D:2:      nicolae_gozag_zags_fifth_avenue, nicolae_overflow_hidden_temple,
          ecumenical_altar_1
D:3:      lemuel_castle_with_subvaults, uniq_iyjb, uniq_natasha,
          uniq_crazy_yiuf_cottage, uniq_robin
D:4:      first_bread, minmay_misc_feat_room, uniq_sigmund, uniq_duvessa

Action                   |  1- 3 |  4- 6 || total
-------------------------+-------+-------++-------
Melee: Short sword       |    13 |       ||    13
       Unarmed           |     4 |       ||     4
       Halberd           |       |   101 ||   101
 Cast: Sting             |    31 |    53 ||    84
       Mephitic Cloud    |     1 |     2 ||     3
       Cure Poison       |       |     5 ||     5
  Use: Scroll            |       |     2 ||     2
       Potion            |       |     1 ||     1
 Stab: Sleeping          |       |     6 ||     6
  Eat: Chunk             |       |     5 ||     5
